 Dungeon Crawl Stone Soup version 0.31-a0-996-g3b49de5836 (webtiles) character file.

Game seed: 2241480817495653777

723 GordonOverkill the Sneak (level 7, -2/36 HPs)
             Began as a Spriggan Delver on Nov 7, 2023.
             Was a Believer of Vehumet.
             Slain by a black bear (3 damage)
             ... on level 4 of the Dungeon.
             The game lasted 00:11:27 (6349 turns).

GordonOverkill the Sneak (Spriggan Delver)          Turns: 6349, Time: 00:11:28

Health: -2/36      AC:  6    Str: 14    XL:     7   Next: 43%
Magic:  14/14      EV: 17    Int: 14    God:    Vehumet [**....]
Gold:   148        SH:  5    Dex: 16    Spells: 14/14 levels left

rFire   . . .        a - +0 short sword
rCold   . . .        (no shield)
rNeg    . . .        b - +0 robe
rPois   .            (helmet restricted)
rElec   .            (no cloak)
rCorr   .            (gloves unavailable)
SInv    +            (boots unavailable)
Will    +....        s - amulet of reflection
Stlth   ++++         h - +6 ring of strength
HPRegen 0.26/turn    m - +4 ring of protection
MPRegen 0.14/turn

%: reflection
@: very quick
A: very small, no large weapons, unfitting armour, see invisible, speed 3
a: Renounce Religion


You were on level 4 of the Dungeon.
You worshipped Vehumet.
Vehumet was pleased with you.
You visited 2 branches of the dungeon, and saw 8 of its levels.

You collected 218 gold pieces.
You spent 70 gold pieces at shops.

Inventory:

Hand Weapons
 a - a +0 short sword (weapon)
 l - a +0 dagger
Missiles
 v - 3 throwing nets
Armour
 b - a +0 robe (worn)
Jewellery
 h - a +6 ring of strength (left hand)
 m - a +4 ring of protection (right hand)
 r - a ring of poison resistance
 s - an amulet of reflection (around neck)
Wands
 g - a wand of digging (1)
Scrolls
 c - 3 scrolls of fog
 d - 2 scrolls of revelation
 i - 2 scrolls of blinking {unknown}
 n - a scroll of immolation {unknown}
 p - a scroll of enchant armour {unknown}
 q - 2 scrolls of fear
Potions
 e - 3 potions of heal wounds
 f - 2 potions of haste
 j - a potion of attraction {unknown}
 k - a potion of berserk rage {unknown}
 o - a potion of lignification
 t - 2 potions of brilliance {unknown}
 u - 3 potions of curing {unknown}


   Skills:
 - Level 3.0 Fighting
 - Level 4.0 Short Blades
 - Level 2.6 Dodging
 - Level 7.2 Stealth
 - Level 4.0 Spellcasting
 + Level 5.2 Ice Magic


You had 14 spell levels left.
You didn't know any spells.
Your spell library contained the following spells:

 Spells                   Type           Power      Damage    Failure   Level
 Shock                    Conj/Air       8%         1d3       19%         1
 Ozocubu's Armour         Ice            17%        N/A       7%          3
 Ensorcelled Hibernation  Hex/Ice        20%        N/A       10%         2
 Passwall                 Tmut/Erth      1%         N/A       28%         2
 Swiftness                Air            2%         N/A       50%         3
 Ozocubu's Refrigeration  Ice            8%         4d9       100%        7


Dungeon Overview and Level Annotations

Branches:
Dungeon (7/15)             Temple (1/1) D:5

Altars:
Ashenzari
Cheibriados
Dithmenos
Elyvilon
Fedhas
Gozag
Hepliaklqana
Kikubaaqudgha
Makhleb
Nemelex Xobeh
Okawaru
Ru
Sif Muna
Trog
Uskayaw
Vehumet
Wu Jian
Xom
Zin
The Shining One

Shops:
D:4 :!

Annotations:
D:4 Dowan, Duvessa


Innate Abilities, Weirdness & Mutations

You are very small and have problems with some larger weapons.
You are too small for most types of armour.
You have supernaturally acute eyesight. (SInv)
You cover ground extremely quickly. (Speed+++)


Message History

The black bear misses you.
You hit the black bear.
You punch the black bear, but do no damage.
The black bear is heavily wounded.
You hit the black bear.
The black bear is heavily wounded.
The black bear bites you.
* * * LOW HITPOINT WARNING * * *
The black bear claws you but does no damage.
The black bear closely misses you.
You hit the black bear.
The black bear is severely wounded.
You block the black bear's attack. The black bear misses you.
The black bear completely misses you.
You hit the black bear but do no damage.
The black bear is severely wounded.
The black bear bites you but does no damage.
The black bear claws you.
* * * LOW HITPOINT WARNING * * *
The black bear claws you but does no damage.
You hit the black bear.
The black bear is severely wounded.
The black bear misses you.
The black bear claws you but does no damage.
The black bear barely misses you.
You hit the black bear.
The black bear is severely wounded.
You hit the black bear but do no damage.
The black bear is severely wounded.
The black bear goes berserk!
You see here a black bear corpse.
The black bear attacks as it pursues you!
The black bear completely misses you. The black bear claws you.
* * * LOW HITPOINT WARNING * * *
The black bear closely misses you.
The black bear attacks as it pursues you!
The black bear bites you!
* * * LOW HITPOINT WARNING * * *
The black bear completely misses you. The black bear claws you.
You die...

##.#.######.......#......
#..#.##...........#......
#....##.....##....#......
#.#..##..∩..##....#......
#.##.##.....##....#......
#.##........##.####......
#h###.†.######.# #######
#..###.h######.# ##.#
#..@......#
#.###...####### #..####.#
##.# #.# #h## #.#####
#..###.....##
##.h.#####..#
###.....##.# #####....#


You could see a black bear (berserk).

Vanquished Creatures
  A steam dragon (D:5)
  A black bear (D:4)
  2 scorpions
  A jelly (D:4)
  A hound (D:4)
  A sleepcap (D:4)
  Natasha (thrice) (D:4 D:3)
  An iguana (D:5)
  An orc wizard (D:4)
  Robin (D:3)
  5 gnolls
  3 adders
  3 worms
  A dart slug (D:3)
  5 orcs
  6 ball pythons
  9 endoplasms
  5 giant cockroaches
  11 goblins
  7 hobgoblins
  6 jackals
  6 kobolds
  2 quokkas
  3 bats
  2 frilled lizards (D:3)
  4 rats
91 creatures vanquished.

Notes
Turn   | Place    | Note
-------+----------+-------------------------------------------
     0 | D:5      | GordonOverkill the Spriggan Delver began the quest for the
                  | Orb.
     0 | D:5      | Reached XP level 1. HP: 11/11 MP: 2/2
     9 | D:6      | Noticed a scorpion
    13 | D:6      | Noticed a hound
    18 | D:6      | Killed a scorpion
    19 | D:6      | Reached XP level 2. HP: 16/16 MP: 3/3
    19 | D:6      | Reached XP level 3. HP: 20/20 MP: 4/4
    93 | D:5      | Noticed a scorpion
   252 | D:5      | Killed a scorpion
   253 | D:5      | Reached XP level 4. HP: 11/24 MP: 4/9
   336 | D:5      | Found a staircase to the Ecumenical Temple.
   353 | Temple   | Entered the Ecumenical Temple
   372 | Temple   | Became a worshipper of Vehumet
   694 | D:2      | Reached XP level 5. HP: 28/28 MP: 11/11
   835 | D:2      | Reached * piety under Vehumet
   835 | D:2      | Offered knowledge of Kiss of Death by Vehumet.
   865 | D:2      | Found a hide-covered altar of Uskayaw.
  2089 | D:1      | Found a faded altar of an unknown god.
  2293 | D:2      | Reached skill level 1 in Ice Magic
  3327 | D:4      | Reached XP level 6. HP: 20/32 MP: 13/13
  3598 | D:4      | Offered knowledge of Shock by Vehumet.
  3747 | D:4      | Noticed Duvessa
  3751 | D:4      | Noticed Dowan
  3774 | D:4      | You fall into a shaft and drop 1 floor!
  3845 | D:5      | Reached ** piety under Vehumet
  4049 | D:5      | Noticed a steam dragon
  4051 | D:5      | Killed a steam dragon
  4054 | D:5      | Noticed an ice beast
  4321 | D:4      | Reached XP level 7. HP: 36/36 MP: 14/14
  4351 | D:4      | Noticed Natasha
  4375 | D:4      | Killed Natasha
  4489 | D:4      | Noticed Robin
  4504 | D:4      | Noticed Natasha
  4558 | D:3      | Killed Natasha
  5013 | D:3      | Noticed Natasha
  5025 | D:3      | Killed Natasha
  6019 | D:3      | Killed Robin
  6178 | D:4      | Found Egyatz's Distillery.
  6186 | D:4      | Bought a potion of heal wounds for 70 gold pieces
  6212 | D:4      | Found Rugeqaiq's Self-Published Books.
  6332 | D:4      | Reached skill level 5 in Ice Magic
  6349 | D:4      | HP: 1/36 [black bear (7)]
  6349 | D:4      | Slain by a black bear

Illustrated notes

Levels and vault maps discovered:
D:1:      saegor_arrival_simple_c, layout_basic, serial_bayou,
          serial_bayou_crossing, serial_bayou_lagoon_b, serial_bayou_ford_a,
          serial_bayou_pond_e, shapermc_ecumenical_altar_mp_highgroup,
          minmay_misc_feat_chi
D:2:      layout_basic, basic_altar
D:3:      layout_loops_ring, hex_medium
D:4:      layout_basic, serial_shops, nicolae_shop_behind_doors,
          nicolae_custom_books, serial_bayou_pond_a, uniq_robin, uniq_natasha,
          uniq_duvessa
D:5:      layout_rooms, lemuel_zombie_altar_yredelemnul,
          minmay_temple_entry_slanted, minmay_misc_feat_doors,
          minmay_misc_feat_alley
D:6:      layout_rooms, mainiacjoe_overflow_24_doors, serial_shops,
          nicolae_shop_hallway_plus, grunt_ministairs_14
D:7:      layout_gridville, chequers_arboretum, nrook_mini_vaults,
          kennysheep_minor_cross, chequers_serial_rivers_room_a,
          minmay_misc_feat_rugged, amcnicky_mini_rare_corridor_liquid
Temple:   nicolae_temple_bog_church

Skill      XL: |  1  2  3  4  5  6  7 |
---------------+----------------------+-----
Fighting       | 3 |  3.0
Short Blades   | 3 4 |  4.0
Spellcasting   | 2 3 4 |  4.0
Ice Magic      | 2 4 5 |  5.2
Dodging        | |  2.6
Stealth        | |  7.2

Action                     |  1- 3 |  4- 6 |  7- 9 || total
---------------------------+-------+-------+-------++-------
  Melee: Short sword       |    10 |   360 |   183 ||   553
         Punch             |       |     4 |     3 ||     7
  Evoke: Wand              |     4 |     2 |       ||     6
    Use: Scroll            |       |     3 |       ||     3
   Stab: Sleeping          |     2 |    26 |       ||    28
         Distracted        |       |     2 |       ||     2
 Armour: Robe              |     9 |    91 |   102 ||   202
  Dodge: Dodged            |    25 |   232 |   140 ||   397
  Block: Other             |       |    35 |    44 ||    79

Table legend: (Time is in decaauts)
 A = Elapsed time spent in this place.
 B = Non-inter-level travel time spent in this place.
 C = Inter-level travel time spent in this place.
 D = Time resting spent in this place.
 E = Time spent auto-exploring this place.
 F = Levels seen in this place.
 G = Mean time per level.
                   A        B        C        D        E       F      G
               +--------+--------+--------+--------+--------+-----+--------+
         Total |   4440 |   4289 |    151 |    941 |   2060 |   8 |  555.0 |
       Dungeon |   4414 |   4284 |    130 |    941 |   2060 |   7 |  630.6 |
        Temple |     25 |      4 |     21 |      0 |      0 |   1 |   25.0 |
               +--------+--------+--------+--------+--------+-----+--------+

Top non-repeatable levels by time:
     D:3: 1859 daAuts
     D:4: 901 daAuts
     D:1: 763 daAuts
     D:2: 404 daAuts
     D:5: 389 daAuts
     D:6: 90 daAuts
  Temple: 25 daAuts
     D:7: 6 daAuts
